 Dungeon Crawl Stone Soup version 0.19.1 (webtiles) character file.

62689 balthal the Quickloader (level 14, -3/222 HPs)
             Began as a Centaur Arcane Marksman on Dec 16, 2016.
             Was the Champion of Hepliaklqana.
             Slain by a harpy (6 damage)
             ... on level 1 of the Shoals on Dec 18, 2016.
             The game lasted 02:29:29 (21579 turns).

balthal the Quickloader (Centaur Arcane Marksman)  Turns: 21579, Time: 02:29:30

Health: -3/222     AC: 27    Str: 23    XL:     14   Next: 65%
Magic:  21/21      EV:  1    Int: 12    God:    Hepliaklqana [******]
Gold:   1627       SH:  5    Dex: 10    Spells: 8 memorised, 4 levels left

rFire  + . .     SeeInvis .     b - +8 glaive of an ice cave {vamp, +Rage Dex+2}
rCold  . . .     Gourm    .     (armour currently unavailable)
rNeg   + + +     Faith    .     (shield currently unavailable)
rPois  +         Spirit   .     (helmet currently unavailable)
rElec  .         Reflect  +     (cloak currently unavailable)
rCorr  .         Harm     .     (gloves currently unavailable)
MR     +....     NoTele   +     (no barding)
Stlth  ..........               k - +5 amulet of reflection
                                d - +3 ring of slaying
                                G - ring of protection from fire

@: berserking, tree-form, very quick
A: reduced essence, (hooves 0), (molten scales 0), clumsy 1, (deformed body),
(speed 0), frail 1, (tough skin 0)
a: Recall Ancestor, Ancestor Identity, Transference, Idealise, Renounce
Religion, Evoke Berserk Rage


You were on level 1 of the Shoals.
You worshipped Hepliaklqana.
Hepliaklqana was exalted by your worship.
You were full.
You were a tree.
You visited 4 branches of the dungeon, and saw 21 of its levels.
You also visited: Ossuary.

You collected 1682 gold pieces.
You spent 55 gold pieces at shops.

Inventory:

Hand Weapons
 a - a +7 hand crossbow of flaming
 b - the +8 glaive of an ice cave (weapon) {vamp, +Rage Dex+2}
   (You found it on level 6 of the Lair of Beasts)

   It inflicts no extra harm, but heals its wielder when it wounds a living foe.
   It affects your dexterity (+2).
   It lets you go berserk.
 g - a +3 quarterstaff of chaos
 u - a +2 demon trident of venom
 w - a +1 arbalest of freezing
 B - a +1 short sword of venom
 I - a +0 dagger of distortion
 X - a +2 hand axe of freezing
Missiles
 F - 22 bolts
Armour
 h - a +3 troll leather armour (melded)
 x - +0 fire dragon scales
 C - a +0 cloak (melded)
 K - a +0 pair of gloves (melded)
 R - a +0 helmet (melded)
 U - a +2 leather armour of positive energy
Jewellery
 d - a +3 ring of slaying (right branch)
 k - a +5 amulet of reflection (around neck)
 m - an uncursed ring of poison resistance
 G - a ring of protection from fire (left branch)
 T - an uncursed ring of protection from cold
Wands
 j - a wand of lightning (6/15)
 l - a wand of polymorph (21/24)
 y - a wand of teleportation (4/9)
 A - a wand of lightning (6/15)
 E - a wand of confusion (36/48)
 H - a wand of flame (13/48)
 Q - a wand of teleportation (3/9)
 S - a wand of iceblast (0/15)
Scrolls
 i - 10 scrolls of remove curse
 n - 3 scrolls of teleportation
 q - 2 scrolls of amnesia
 s - a scroll of fog
 J - a scroll of holy word
 O - a scroll of fear
Potions
 e - a potion of cancellation
 p - 5 potions of brilliance
 r - a potion of haste
 t - a potion of agility
 D - 2 potions of curing
 V - a potion of flight
 Z - 2 potions of might
Books
 c - a book of Debilitation

   Spells                             Type                      Level
   a - Corona                         Hexes                        1
   b - Slow                           Hexes                        2
   c - Gell's Gravitas                Hexes/Translocation          3
   d - Inner Flame                    Hexes/Fire                   3
   e - Cause Fear                     Hexes                        4
   f - Leda's Liquefaction            Hexes/Earth                  4
 o - a book of Minor Magic

   Spells                             Type                      Level
   a - Magic Dart                     Conjuration                  1
   b - Blink                          Translocation                2
   c - Call Imp                       Summoning                    2
   d - Repel Missiles                 Charms/Air                   2
   e - Slow                           Hexes                        2
   f - Conjure Flame                  Conjuration/Fire             3
   g - Mephitic Cloud                 Conjuration/Poison/Air       3
 z - a book of Changes

   Spells                             Type                      Level
   a - Beastly Appendage              Transmutation                1
   b - Sticks to Snakes               Transmutation                2
   c - Spider Form                    Transmutation/Poison         3
   d - Ice Form                       Ice/Transmutation            4
   e - Blade Hands                    Transmutation                5
 L - a book of Spatial Translocations

   Spells                             Type                      Level
   a - Blink                          Translocation                2
   b - Shroud of Golubria             Charms/Translocation         2
   c - Lesser Beckoning               Translocation                3
   d - Portal Projectile              Translocation                3
   e - Teleport Other                 Translocation                3
   f - Passage of Golubria            Translocation                4
 N - a book of the Earth

   Spells                             Type                      Level
   a - Leda's Liquefaction            Hexes/Earth                  4
   b - Bolt of Magma                  Conjuration/Fire/Earth       5
   c - Statue Form                    Transmutation/Earth          6
   d - Iron Shot                      Conjuration/Earth            6
   e - Shatter                        Earth                        9
 Y - a book of Necromancy

   Spells                             Type                      Level
   a - Pain                           Necromancy                   1
   b - Animate Skeleton               Necromancy                   1
   c - Vampiric Draining              Necromancy                   3
   d - Regeneration                   Charms/Necromancy            3
   e - Animate Dead                   Necromancy                   4
   f - Control Undead                 Necromancy                   4
Miscellaneous
 M - a disc of storms
 P - a lamp of fire
Comestibles
 f - 10 bread rations


   Skills:
 + Level 11.4 Fighting
 + Level 4.0 Short Blades
 + Level 3.3(6.7) Polearms
 + Level 9.1(9.4) Staves
 + Level 12.9 Crossbows
 + Level 1.2 Throwing
 + Level 5.1 Armour
 + Level 6.7 Dodging
 + Level 2.8 Stealth
 + Level 4.4 Spellcasting
 + Level 3.4 Hexes
 + Level 1.7 Summonings
 + Level 4.2 Necromancy
 + Level 0.1 Translocations
 * Level 9.7 Invocations
 + Level 2.4 Evocations


You had 4 spell levels left.
You knew the following spells:

 Your Spells              Type           Power        Failure   Level  Hunger
a - Corona                Hex            ##.....      6%          1    None
b - Slow                  Hex            ##......     10%         2    ##.....
c - Gell's Gravitas       Hex/Tloc       #.........   34%         3    ###....
d - Animate Skeleton      Necr           N/A          4%          1    None
e - Blink                 Tloc           N/A          34%         2    ##.....
f - Tukima's Dance        Hex            ##......     17%         3    ###....
g - Call Imp              Summ           #.......     17%         2    ##.....
h - Conjure Flame         Conj/Fire      #.......     69%         3    ###....


Dungeon Overview and Level Annotations

Branches:
Dungeon (13/15)            Temple (0/1) D:7            Lair (6/6) D:10
 Shoals (1/4) Lair:3       Spider (1/4) Lair:2        Slime (0/5) Lair:6
    Orc (0/2) D:10
 Vaults: D:13-14

Altars:
Ashenzari
Cheibriados
Dithmenos
Hepliaklqana
Makhleb
Nemelex Xobeh
Ru
Sif Muna
Vehumet
Xom
Jiyva

Shops:
D:6 !   D:10 (   Shoals:1 *

Annotations:
D:11 2 runed doors
D:12 kae's ghost, journeyman FoFi
D:13 Kirke
Lair:4 exclusion: oklob plant


Innate Abilities, Weirdness & Mutations

((You have hooves in place of feet.))
((Armour fits poorly on your strangely shaped body.))
((You cover ground very quickly.))
((You have extremely tough skin. (AC +3)))
Your life essence is reduced. (-10% HP)
((You are partially covered in molten scales. (AC +2)))
You are clumsy. (Dex -2)
You are frail. (-10% HP)


Message History

* * * LOW HITPOINT WARNING * * *
The harpy claws you but does no damage. x2
The siren hits you from afar with a spear!
* * * LOW HITPOINT WARNING * * *
The harpy completely misses you. The harpy claws you!
* * * LOW HITPOINT WARNING * * *
Your sea snake skeleton bites the harpy.
You hit the harpy.
The harpy is severely wounded.
The harpy claws you but does no damage. You block the harpy's attack.
The harpy claws your sea snake skeleton.
The harpy claws your sea snake skeleton!
The harpy claws you but does no damage. x4
The siren hits you from afar with a spear.
* * * LOW HITPOINT WARNING * * *
You are too berserk!
You slice the harpy!!
The harpy is heavily wounded.
The harpy claws you but does no damage. The harpy claws you.
You die...

≈≈≈≈≈≈≈≈≈≈≈≈≈≈≈≈≈≈≈≈≈≈≈≈≈≈≈≈≈≈≈≈≈
≈≈≈≈≈≈≈≈≈≈≈≈≈≈≈≈≈≈≈≈≈≈≈≈≈≈≈≈≈≈≈≈≈
≈≈≈≈≈≈≈≈≈≈≈≈≈≈≈≈≈≈≈≈≈≈≈≈≈≈≈≈≈≈≈≈≈
≈≈≈≈≈≈.≈≈≈≈≈≈≈≈≈≈≈≈≈≈≈≈≈≈≈≈≈≈≈≈≈≈
≈≈≈≈≈.≈..≈≈≈≈≈≈≈≈≈≈≈≈≈≈≈≈≈≈≈≈≈≈≈≈
≈≈≈≈..........≈≈≈≈≈≈≈≈≈≈≈≈≈≈≈≈≈≈≈
≈...##.[%....≈≈≈H.≈≈≈≈≈≈≈≈≈≈≈≈≈≈≈
≈≈.####....≈≈≈..HH...≈≈≈≈≈≈≈≈≈≈≈≈
≈≈.# #.....≈....♣Hm..≈≈≈≈≈≈≈≈≈≈≈≈
≈..###..=..≈.(###.Z..≈≈≈≈≈≈≈≈≈≈≈≈
.≈≈..#........# *#†...≈≈≈≈≈≈≈≈≈≈≈
.≈≈≈...###....####....≈≈≈≈≈≈≈≈≈≈≈
≈≈≈≈≈≈..##...........≈≈≈≈≈≈≈≈≈≈≈≈
.≈≈≈≈≈......R.....≈≈≈≈≈≈≈≈≈≈≈≈≈≈≈
≈..≈≈.....≈≈≈≈≈≈≈≈≈≈≈≈≈≈≈≈≈≈≈≈≈≈≈
..........≈≈≈≈≈≈≈≈≈≈≈≈≈≈≈≈≈≈≈≈≈≈≈
.........≈≈≈≈≈≈≈≈≈≈≈≈≈≈≈≈≈≈≈≈≈≈≈≈


You could see a siren, 4 harpies and a friendly sea snake skeleton.

Vanquished Creatures
  A fire dragon (Lair:6)
  A merfolk avatar (Shoals:1)
  A catoblepas (Lair:6)
  4 hydras
  6 death yaks
  A sea snake (Shoals:1)
  2 lindwurms (Lair:6)
  Pikel (D:5)
  2 ugly things (D:13)
  4 manticores
  A faun (Shoals:1)
  A cyclops (D:10)
  6 elephants
  2 black mambas
  Psyche (D:8)
  A gargoyle (D:11)
  6 spiny frogs
  5 torpor snails (Lair:6)
  3 rime drakes
  The ghost of hairmachine the Insei, a novice OpTm (D:5)
  11 komodo dragons
  A merfolk (Lair:3)
  2 trolls
  3 tyrant leeches (Lair:6)
  A polar bear (Lair:3)
  4 hornets (Lair:6)
  7 blink frogs
  6 hippogriffs
  37 yaks
  Eustachio (D:4)
  A tarantella (Lair:2)
  Grum (D:8)
  2 hogs (D:13)
  A basilisk (Lair:3)
  A steam dragon (Lair:5)
  2 hungry ghosts
  7 water moccasins
  9 porcupines
  A black bear (D:10)
  4 orc warriors
  5 ice beasts
  3 sky beasts
  8 ogres
  A slave (D:5)
  2 phantoms
  6 wolves
  7 centaurs
  3 crocodiles
  A big kobold (D:7)
  5 bullfrogs
  2 water moccasin zombies (D:8)
  2 scorpions
  6 wights (D:10)
  14 killer bees
  A howler monkey (D:9)
  4 crimson imps
  6 hounds
  5 bullfrog skeletons
  4 centaur skeletons
  2 jellies
  7 orc priests
  5 orc wizards
  2 iron imps (D:4)
  A human zombie (Ossuary)
  4 iguanas
  An iguana (shapeshifter) (D:8)
  10 worker ants
  2 hound zombies
  3 mummies
  A howler monkey zombie (D:8)
  A worker ant zombie (D:9)
  8 adders
  11 gnolls
  A river rat (Lair:6)
  2 shadow imps
  2 adder zombies
  A worm (D:2)
  3 dart slugs
  8 leopard geckos
  40 orcs
  6 bats
  5 giant cockroaches
  8 goblins
  5 hobgoblins
  9 kobolds
  3 quokkas
  5 frilled lizards
  A goblin zombie (Ossuary)
  8 hobgoblin zombies (Ossuary)
  3 jackal zombies (Ossuary)
  6 kobold zombies (Ossuary)
  10 orc zombies
  2 quokka skeletons
  7 rats
  2 rat zombies (Ossuary)
432 creatures vanquished.

Vanquished Creatures (collateral kills)
  A merfolk impaler (Shoals:1)
  A merfolk avatar (Shoals:1)
  3 hydras (Lair:6)
  A death yak (Lair:6)
  Sonja (Lair:3)
  An unseen horror (D:11)
  A sea snake (Shoals:1)
  2 hill giants (D:11)
  An ugly thing (D:13)
  2 fauns (Shoals:1)
  A manticore (Lair:6)
  4 elephants (Lair:6)
  A black mamba (Lair:2)
  5 sirens
  A torpor snail (Lair:6)
  A rime drake (Lair:6)
  5 spiny frogs
  5 komodo dragons
  A merfolk (Lair:3)
  A polar bear (Lair:4)
  3 wind drakes (Shoals:1)
  2 dream sheep (Lair:6)
  2 hornets (Lair:6)
  A snapping turtle (Shoals:1)
  4 hippogriffs
  Prince Ribbit (D:7)
  Grinder (D:4)
  5 blink frogs
  2 shadows
  Sigmund (D:4)
  A wraith (D:11)
  23 yaks
  A water elemental (Shoals:1)
  4 basilisks
  4 water moccasins
  A porcupine (Lair:1)
  A slave (D:5)
  4 orc warriors
  A sky beast (D:11)
  An ogre (D:13)
  A wolf (Lair:3)
  A centaur (D:6)
  2 crocodiles (Lair:6)
  3 bullfrogs
  3 killer bees
  A wight (D:10)
  Crazy Yiuf (D:5)
  A human zombie (Ossuary)
  An orc priest (D:6)
  A hound (D:4)
  A jelly (D:11)
  3 orc wizards
  An iron imp (D:4)
  A worker ant (D:4)
  3 gnolls
  2 adders (D:4)
  An adder zombie (Ossuary)
  A worm (D:3)
  6 orcs
  A frilled lizard (D:3)
  2 hobgoblin zombies (Ossuary)
  A kobold zombie (Ossuary)
  2 orc zombies (Ossuary)
  A fungus (Lair:3)
143 creatures vanquished.

Vanquished Creatures (others)
  26 hexers
  An iguana (D:8)
  3 ancestors
  17 fungi
  17 plants
64 creatures vanquished.

Grand Total: 639 creatures vanquished

Notes
Turn   | Place    | Note
-------+----------+-------------------------------------------
     0 | D:1      | balthal the Centaur Arcane Marksman began the quest for the Orb.
     0 | D:1      | Reached XP level 1. HP: 16/16 MP: 2/2
    92 | D:1      | Reached XP level 2. HP: 20/23 MP: 3/3
    96 | D:1      | Learned a level 2 spell: Slow
   487 | D:2      | Reached XP level 3. HP: 28/28 MP: 2/4
   773 | D:2      | Reached skill level 3 in Crossbows
   799 | D:2      | Reached XP level 4. HP: 33/35 MP: 6/6
  1057 | D:2      | Gained mutation: You are frail. (-10% HP) [potion of mutation]
  1057 | D:2      | Gained mutation: You are clumsy. (Dex -2) [potion of mutation]
  1057 | D:2      | Gained mutation: You are partially covered in molten scales. (AC +2) [potion of mutation]
  1219 | D:3      | Found a deep blue altar of Sif Muna.
  1280 | D:3      | Reached skill level 4 in Crossbows
  1381 | D:3      | Found a shattered altar of Ashenzari.
  1425 | D:3      | Found a hazy altar of Hepliaklqana.
  1455 | D:3      | Reached XP level 5. HP: 36/36 MP: 7/7
  1506 | D:3      | Became a worshipper of Hepliaklqana the Forgotten
  1993 | D:4      | Reached skill level 5 in Crossbows
  2021 | D:4      | Reached XP level 6. HP: 40/40 MP: 8/8
  2031 | D:4      | Learned a level 3 spell: Gell's Gravitas
  2087 | D:4      | Noticed Eustachio
  2194 | D:4      | Killed Eustachio
  2194 | D:4      | Reached skill level 1 in Armour
  2278 | D:4      | Found a sand-covered staircase.
  2289 | D:4      | Reached skill level 1 in Short Blades
  2294 | Ossuary  | Entered an ossuary
  2497 | Ossuary  | Reached skill level 6 in Crossbows
  2554 | Ossuary  | Reached XP level 7. HP: 25/44 MP: 9/9
  2729 | D:4      | Reached * piety under Hepliaklqana
  2928 | D:4      | Found a burning altar of Makhleb.
  3008 | D:4      | Noticed Grinder
  3017 | D:4      | Paralysed by Grinder for 4 turns
  3020 | D:4      | Killed Grinder
  3045 | D:4      | Noticed Sigmund
  3059 | D:4      | Killed Sigmund
  3059 | D:4      | Reached XP level 8. HP: 44/52 MP: 10/10
  3163 | D:5      | Entered Level 5 of the Dungeon
  3245 | D:5      | Reached skill level 7 in Crossbows
  3250 | D:5      | Noticed Pikel
  3298 | D:5      | Found a shimmering altar of Xom.
  3419 | D:5      | Noticed hairmachine's ghost (novice OpTm)
  3430 | D:5      | Killed hairmachine's ghost
  3650 | D:5      | HP: 2/53 [slave[Pikel] (3)]
  3667 | D:5      | Killed Pikel
  3667 | D:5      | Reached skill level 5 in Fighting
  3667 | D:5      | Reached skill level 8 in Crossbows
  3667 | D:5      | Reached XP level 9. HP: 8/59 MP: 12/12
  3876 | D:5      | Found a sparkling altar of Nemelex Xobeh.
  3924 | D:5      | Found a runed door.
  4181 | D:5      | Noticed Crazy Yiuf
  4196 | D:5      | Killed Crazy Yiuf
  4251 | D:6      | Reached ** piety under Hepliaklqana
  4257 | D:6      | Remembered your ancestor Teicuih as a hexer
  4364 | D:6      | Found a sacrificial altar of Ru.
  4560 | D:6      | Reached skill level 9 in Crossbows
  4622 | D:6      | Found a shattered altar of Ashenzari.
  4915 | D:6      | Found Gupsoepp's Distillery.
  4918 | D:6      | Bought a potion of heal wounds for 55 gold pieces
  5045 | D:6      | Reached *** piety under Hepliaklqana
  5370 | D:7      | Noticed Prince Ribbit
  5382 | D:7      | Killed Prince Ribbit
  5640 | D:7      | Found a faded altar of an unknown god.
  5640 | D:7      | Found a faded altar of an unknown god.
  5652 | D:7      | Found a sacrificial altar of Ru.
  5654 | D:7      | Found a snail-covered altar of Cheibriados.
  5656 | D:7      | Found a radiant altar of Vehumet.
  5677 | D:7      | Found a staircase to the Ecumenical Temple.
  5690 | D:7      | Found a snail-covered altar of Cheibriados.
  5738 | D:7      | Reached skill level 1 in Stealth
  5933 | D:7      | You fall through a shaft for 2 floors!
  5939 | D:9      | Reached skill level 1 in Staves
  6220 | D:9      | Noticed a troll
  6272 | D:9      | Killed a troll
  6272 | D:9      | Reached XP level 10. HP: 51/67 MP: 13/13
  6539 | D:9      | Reached skill level 10 in Crossbows
  6718 | D:10     | Entered Level 10 of the Dungeon
  6718 | D:10     | Reached **** piety under Hepliaklqana
  6925 | D:10     | Noticed a cyclops
  7020 | D:10     | Killed a cyclops
  7154 | D:10     | Found a staircase to the Lair.
  7429 | D:10     | You fall through a shaft!
  7442 | D:11     | Reached skill level 1 in Evocations
  7446 | D:11     | Noticed a manticore
  7476 | D:11     | Killed a manticore
  7501 | D:11     | Noticed a hill giant
  7517 | D:11     | Killed a hill giant
  7719 | D:11     | Reached XP level 11. HP: 44/75 MP: 14/14
  7859 | D:10     | Reached skill level 5 in Staves
  8197 | D:8      | Noticed Psyche
  8209 | D:8      | Killed Psyche
  8711 | D:8      | Reached skill level 1 in Throwing
  8901 | D:8      | Noticed Grum
  8903 | D:8      | Reached skill level 5 in Dodging
  8916 | D:8      | Killed Grum
  9743 | D:10     | Found a staircase to the Orcish Mines.
  9745 | D:10     | Found Ytuil's Weapon Shop.
 10068 | D:10     | Learned a level 1 spell: Animate Skeleton
 10262 | D:11     | Killed an unseen horror
 10262 | D:11     | Reached skill level 1 in Invocations
 10637 | D:11     | Found a runed door.
 10637 | D:11     | Noticed a fire dragon
 10638 | D:11     | Noticed an ice dragon
 10639 | D:11     | Noticed a fire dragon
 10641 | D:11     | Noticed an ice dragon
 10715 | D:11     | Found a runed door.
 10951 | D:11     | Reached ***** piety under Hepliaklqana
 11203 | D:11     | Noticed a hill giant
 11263 | D:11     | Killed a hill giant
 11487 | D:12     | Noticed kae's ghost (journeyman FoFi)
 11735 | D:13     | Noticed a purple ugly thing
 11736 | D:13     | Noticed a red ugly thing
 11761 | D:13     | Killed a red ugly thing
 11764 | D:13     | HP: 2/76 [red ugly thing (10)]
 11796 | D:13     | Killed a red ugly thing
 11796 | D:13     | Reached skill level 11 in Crossbows
 12014 | D:13     | Noticed a brown ugly thing
 12026 | D:13     | Noticed Kirke
 12046 | D:13     | Killed a brown ugly thing
 12046 | D:13     | Reached XP level 12. HP: 23/83 MP: 15/15
 12385 | Lair:1   | Entered Level 1 of the Lair of Beasts
 12385 | Lair:1   | Noticed a four-headed hydra
 12395 | Lair:1   | Killed a four-headed hydra
 12548 | Lair:1   | HP: 1/83 [yak (11)]
 13105 | Lair:1   | Learned a level 2 spell: Blink
 13451 | Lair:2   | Found a hole to the Spider Nest.
 13578 | Lair:2   | Reached skill level 5 in Invocations
 13886 | Lair:2   | Reached skill level 1 in Necromancy
 14931 | Lair:3   | Noticed a six-headed hydra
 14944 | Lair:3   | Killed a six-headed hydra
 14958 | Lair:3   | Identified a scroll of acquirement
 15009 | Lair:3   | Noticed Sonja
 15019 | Lair:3   | Killed Sonja
 15192 | Lair:3   | Found a staircase to the Shoals.
 15876 | Lair:3   | Reached ****** piety under Hepliaklqana
 16056 | Lair:3   | Reached XP level 13. HP: 90/90 MP: 18/18
 16170 | Lair:4   | Found a shimmering altar of Xom.
 16206 | Lair:4   | Learned a level 3 spell: Tukima's Dance
 16567 | Lair:4   | Found a shadowy altar of Dithmenos.
 17172 | Lair:5   | Reached skill level 10 in Fighting
 17668 | Lair:5   | Learned a level 2 spell: Call Imp
 17682 | Lair:5   | Learned a level 3 spell: Conjure Flame
 17873 | Lair:5   | Reached skill level 12 in Crossbows
 18211 | Lair:6   | Entered Level 6 of the Lair of Beasts
 18388 | Lair:6   | Found a staircase to the Slime Pits.
 18388 | Lair:6   | Found a viscous altar of Jiyva.
 18639 | Spider:1 | Entered Level 1 of the Spider Nest
 18696 | Spider:1 | Noticed an emperor scorpion
 19458 | Lair:6   | Reached XP level 14. HP: 79/97 MP: 20/20
 19543 | Lair:6   | Reached skill level 1 in Summonings
 20007 | Lair:6   | Found a runed door.
 20684 | Lair:6   | Reached skill level 5 in Armour
 20728 | Lair:6   | Got a jewelled glaive
 20729 | Lair:6   | Identified the +8 glaive of an ice cave {vamp, +Rage Dex+2} (You found it on level 6 of the Lair of Beasts)
 21102 | Shoals:1 | Entered Level 1 of the Shoals
 21108 | Shoals:1 | Found Mepnoir's General Store.
 21178 | Shoals:1 | Reached skill level 1 in Polearms
 21577 | Shoals:1 | HP: 11/222 [siren/spear (7)]
 21577 | Shoals:1 | HP: 3/222 [harpy (8)]
 21579 | Shoals:1 | Slain by a harpy

Skill      XL: |  1  2  3  4  5  6  7  8  9 10 11 12 13 14 |
---------------+-------------------------------------------+-----
Hexes          | 3 |  3.4
Crossbows      | 3 4 5 6 8 9 10 11 12 | 12.9
Fighting       | 2 3 5 6 7 9 10 11 | 11.4
Armour         | 1 2 3 4 5 |  5.1
Short Blades   | 1 3 4 |  4.0
Dodging        | 2 3 4 5 6 |  6.7
Spellcasting   | 2 4 |  4.4
Stealth        | 1 2 |  2.8
Staves         | 2 4 6 8 9 |  9.1
Evocations     | 1 2 |  2.4
Throwing       | 1 |  1.2
Invocations    | 3 6 8 9 |  9.7
Necromancy     | 2 3 4 |  4.2
Summonings     | 1 |  1.7
Polearms       | 3 |  3.3
Translocations | |  0.1

Action                   |  1- 3 |  4- 6 |  7- 9 | 10-12 | 13-15 || total
-------------------------+-------+-------+-------+-------+-------++-------
Melee: Short sword       |       |    80 |    71 |       |       ||   151
       Kick              |       |    12 |    25 |    99 |    57 ||   193
       Quarterstaff      |       |       |    82 |   433 |   159 ||   674
       Club              |       |       |     2 |       |       ||     2
       Hand crossbow     |       |       |       |     1 |       ||     1
       Glaive            |       |       |       |       |    68 ||    68
 Fire: Hand crossbow     |    84 |   176 |   182 |   303 |   226 ||   971
       Arbalest          |       |       |       |    31 |    66 ||    97
Throw: Tomahawk          |       |       |       |     9 |     1 ||    10
 Cast: Corona            |     9 |       |       |       |       ||     9
       Slow              |       |     1 |     1 |       |       ||     2
       Animate Skeleton  |       |       |       |    23 |    59 ||    82
       Call Imp          |       |       |       |       |    16 ||    16
       Blink             |       |       |       |       |     1 ||     1
Invok: Recall Ancestor   |       |     2 |     4 |    22 |    12 ||    40
       Ancestor Life: He |       |       |     1 |       |       ||     1
 Abil: Evoke Berserk Rag |       |       |       |       |     1 ||     1
Evoke: Wand              |       |       |     2 |    25 |     2 ||    29
       Sack of spiders   |       |       |       |     4 |       ||     4
       Disc of storms    |       |       |       |     1 |     1 ||     2
       Lamp of fire      |       |       |       |     1 |     1 ||     2
  Use: Potion            |     3 |     4 |     8 |    16 |     3 ||    34
       Scroll            |     2 |     7 |     7 |    30 |    10 ||    56
 Stab: Confused          |       |       |     1 |     2 |       ||     3
       Petrified         |       |       |     1 |       |       ||     1
       Distracted        |       |       |       |     4 |     2 ||     6
       Petrifying        |       |       |       |       |     2 ||     2
  Eat: Bread ration      |       |     1 |       |     2 |     1 ||     4
       Beef jerky        |       |       |     6 |     1 |       ||     7
       Meat ration       |       |       |     1 |     2 |     2 ||     5
       Royal jelly       |       |       |     1 |     1 |       ||     2
       Fruit             |       |       |       |    14 |    10 ||    24
       Pizza             |       |       |       |     1 |     2 ||     3
       Chunk             |       |       |       |       |     1 ||     1
Armor: Robe              |    11 |     3 |       |       |       ||    14
       Troll leather arm |       |    65 |    88 |   259 |   135 ||   547
       Skin              |       |    78 |       |    13 |    30 ||   121
       Leather armour    |       |       |       |     7 |       ||     7
Dodge: Dodged            |    14 |    90 |   103 |   328 |   168 ||   703
Block: Other             |       |       |       |    70 |    48 ||   118
       Reflection        |       |       |       |     7 |       ||     7
